General information
- name: BNet
- type: Ladder team game (AT/RT)
- host: Battle.net
- saver: MyPeonsAreHigh
map: FullScaleAssault
- players: 8
- length: 28:38
- speed: Fast
- version: 1.28 W3XP
- replay type: Public
» download(234 KB)
Players
team 1 (loser)

»
sinistred (
red | 91 APM | 2574 actions | 28:09)
7 Dreadlord
3 Sleep
3 Vampiric Aura
1 Inferno
3 Death Knight
2 Death Coil
1 Unholy Aura
» actions
| Assign group hotkey | 114 | |
| Basic commands | 259 | |
| Build / train | 129 | |
| ESC pressed | 1 | |
| Enter build submenu | 25 | |
| Enter hero's abilities submenu | 10 | |
| Give item / drop item | 5 | |
| Right click | 671 | |
| Select / deselect | 535 | |
| Select group hotkey | 626 | |
| Use ability | 198 | |
2574 total
» units
| Acolyte | 13 | |
| Ghoul | 23 | |
| Necromancer | 11 | |
| Obsidian Statue | 4 | |
| Banshee | 7 | |
| Crypt Fiend | 6 | |
64 total
» upgrades
| Cannibalize | 1 | |
| Unholy Strength | 3 | |
| Unholy Armor | 2 | |
| Necromancer Training | 2 | |
| Banshee Training | 2 | |
| Skeletal Mastery | 1 | |
| Destroyer Form | 1 | |
| Skeletal Longevity | 1 | |
13 total
» buildings
| Crypt | 1 | |
| Graveyard | 1 | |
| Ziggurat | 11 | |
| Altar of Darkness | 1 | |
| Tomb of Relics | 1 | |
| Spirit Tower | 4 | |
| Halls of the Dead | 5 | |
| Nerubian Tower | 3 | |
| Necropolis | 2 | |
| Temple of the Damned | 2 | |
| Slaughterhouse | 1 | |
| Black Citadel | 4 | |
36 total
» build order
00:23 Crypt
00:24 Graveyard
00:43 Ziggurat
01:06 Altar of Darkness
01:45 Ziggurat
02:08 Tomb of Relics
04:34 Ziggurat
04:36 Ziggurat
04:58 Ziggurat
05:30 Spirit Tower
05:32 Spirit Tower
05:55 Halls of the Dead
05:55 Halls of the Dead
05:55 Halls of the Dead
05:55 Halls of the Dead
06:23 Nerubian Tower
06:26 Nerubian Tower
06:36 Ziggurat
06:58 Necropolis
09:40 Temple of the Damned
09:42 Temple of the Damned
09:43 Slaughterhouse
10:16 Ziggurat
10:59 Black Citadel
10:59 Black Citadel
11:00 Black Citadel
15:42 Spirit Tower
21:05 Ziggurat
21:07 Ziggurat
21:08 Ziggurat
23:50 Necropolis
25:18 Ziggurat
» items
| Rod of Necromancy | 2 | |
| Sacrificial Skull | 1 | |
| Potion of Healing | 4 | |
| Potion of Mana | 1 | |
| Scroll of Town Portal | 7 | |
| Orb of Corruption | 1 | |
| Scroll of Healing | 2 | |
18 total
carrymeplzz (
purple | 36 APM | 1032 actions | 28:27)
6 Crypt Lord
1 Carrion Beetles
3 Spiked Carapace
1 Impale
1 Locust Swarm
2 Death Knight
1 Death Coil
1 Death Pact
» actions
| Assign group hotkey | 32 | |
| Build / train | 80 | |
| Enter build submenu | 25 | |
| Enter hero's abilities submenu | 8 | |
| Give item / drop item | 4 | |
| Remove unit from queue | 2 | |
| Right click | 270 | |
| Select / deselect | 292 | |
| Select group hotkey | 245 | |
| Use ability | 74 | |
1032 total
» units
| Acolyte | 8 | |
| Ghoul | 4 | |
| Crypt Fiend | 18 | |
| Obsidian Statue | 8 | |
| Frost Wyrm | 7 | |
45 total
» upgrades
| Creature Attack | 2 | |
| Creature Carapace | 2 | |
| Web | 1 | |
| Destroyer Form | 1 | |
6 total
» buildings
| Graveyard | 1 | |
| Crypt | 1 | |
| Ziggurat | 13 | |
| Altar of Darkness | 1 | |
| Tomb of Relics | 1 | |
| Nerubian Tower | 2 | |
| Necropolis | 1 | |
| Halls of the Dead | 1 | |
| Spirit Tower | 4 | |
| Black Citadel | 1 | |
| Slaughterhouse | 1 | |
| Sacrificial Pit | 1 | |
| Boneyard | 2 | |
30 total
» build order
00:15 Graveyard
00:27 Crypt
00:48 Ziggurat
01:14 Altar of Darkness
01:45 Ziggurat
02:25 Tomb of Relics
02:54 Nerubian Tower
05:17 Necropolis
06:18 Halls of the Dead
07:53 Ziggurat
07:56 Ziggurat
09:56 Ziggurat
09:59 Ziggurat
10:02 Ziggurat
10:06 Nerubian Tower
10:07 Spirit Tower
10:42 Black Citadel
10:50 Slaughterhouse
10:52 Sacrificial Pit
11:24 Spirit Tower
11:26 Spirit Tower
11:27 Spirit Tower
13:03 Boneyard
13:06 Boneyard
18:26 Ziggurat
24:54 Ziggurat
24:58 Ziggurat
25:00 Ziggurat
25:03 Ziggurat
25:06 Ziggurat
» items
| Rod of Necromancy | 1 | |
| Potion of Healing | 5 | |
| Orb of Corruption | 2 | |
| Scroll of Town Portal | 1 | |
9 total

»
derms87 (
pink | 85 APM | 1663 actions | 19:30)
5 Death Knight
3 Death Coil
2 Unholy Aura
4 Lich
2 Frost Nova
2 Frost Armor
» actions
| Assign group hotkey | 32 | |
| Basic commands | 226 | |
| Build / train | 68 | |
| ESC pressed | 2 | |
| Enter build submenu | 14 | |
| Enter hero's abilities submenu | 9 | |
| Give item / drop item | 1 | |
| Right click | 506 | |
| Select / deselect | 263 | |
| Select group hotkey | 436 | |
| Use ability | 106 | |
1663 total
» units
| Acolyte | 5 | |
| Ghoul | 2 | |
| Crypt Fiend | 14 | |
| Obsidian Statue | 7 | |
| Necromancer | 7 | |
35 total
» upgrades
| Creature Attack | 2 | |
| Web | 1 | |
| Necromancer Training | 2 | |
| Destroyer Form | 1 | |
6 total
» buildings
| Altar of Darkness | 2 | |
| Ziggurat | 6 | |
| Crypt | 1 | |
| Graveyard | 1 | |
| Tomb of Relics | 1 | |
| Halls of the Dead | 2 | |
| Slaughterhouse | 1 | |
| Temple of the Damned | 1 | |
| Black Citadel | 1 | |
16 total
» build order
00:07 Altar of Darkness
00:09 Altar of Darkness
00:11 Ziggurat
00:35 Crypt
00:59 Graveyard
01:40 Ziggurat
01:53 Tomb of Relics
03:46 Halls of the Dead
04:27 Ziggurat
06:57 Slaughterhouse
09:56 Ziggurat
09:57 Ziggurat
10:00 Temple of the Damned
10:02 Black Citadel
12:11 Ziggurat
» items
| Rod of Necromancy | 2 | |
| Dust of Appearance | 1 | |
| Potion of Healing | 2 | |
5 total

»
TRUMPYEA (
teal | 27 APM | 767 actions | 28:35)
4 Tauren Chieftain
2 War Stomp
2 Endurance Aura
4 Shadow Hunter
2 Healing Wave
2 Hex
1 Death Knight
1 Animate Dead
» actions
| Basic commands | 15 | |
| Build / train | 82 | |
| Enter build submenu | 23 | |
| Enter hero's abilities submenu | 9 | |
| Give item / drop item | 2 | |
| Remove unit from queue | 3 | |
| Right click | 204 | |
| Select / deselect | 365 | |
| Use ability | 64 | |
767 total
» units
| Peon | 13 | |
| Grunt | 21 | |
| Goblin Zeppelin | 1 | |
| Shaman | 2 | |
| Tauren | 5 | |
| Troll Witch Doctor | 2 | |
| Necromancer | 6 | |
50 total
» upgrades
| Berserker Strength | 1 | |
| Melee Weapons | 2 | |
| Pillage | 1 | |
| Armor | 2 | |
| Shaman Training | 2 | |
| Witch Doctor Training | 2 | |
| Pulverize | 1 | |
| Skeletal Mastery | 1 | |
12 total
» buildings
| Orc Burrow | 6 | |
| Barracks | 1 | |
| Altar of Storms | 1 | |
| Voodoo Lounge | 1 | |
| War Mill | 1 | |
| Great Hall | 5 | |
| Watch Tower | 2 | |
| Stronghold | 1 | |
| Spirit Lodge | 1 | |
| Fortress | 1 | |
| Tauren Totem | 1 | |
21 total
» build order
00:09 Orc Burrow
01:10 Barracks
01:39 Orc Burrow
01:50 Altar of Storms
02:42 Orc Burrow
03:02 Voodoo Lounge
03:43 War Mill
05:28 Great Hall
05:32 Watch Tower
05:39 Stronghold
10:06 Great Hall
10:20 Orc Burrow
10:25 Spirit Lodge
11:18 Orc Burrow
11:48 Watch Tower
13:15 Fortress
16:48 Tauren Totem
17:13 Great Hall
18:09 Great Hall
24:48 Great Hall
25:54 Orc Burrow
» items
| Periapt of Vitality | 1 | |
| Circlet of Nobility | 1 | |
| Healing Salve | 2 | |
| Orb of Lightning | 1 | |
| Scroll of Town Portal | 2 | |
7 total
team 2 (winner)
ProjectPat11 (
orange | 37 APM | 1047 actions | 28:36)
7 Priestess of the Moon
3 Searing Arrows
3 Trueshot Aura
1 Starfall
6 Naga Sea Witch
3 Frost Arrows
3 Forked Lightning
» actions
| Basic commands | 1 | |
| Build / train | 81 | |
| Enter build submenu | 16 | |
| Enter hero's abilities submenu | 13 | |
| Right click | 551 | |
| Select / deselect | 339 | |
| Use ability | 46 | |
1047 total
» units
| Wisp | 18 | |
| Archer | 7 | |
| Huntress | 2 | |
| Hippogryph | 4 | |
| Chimaera | 11 | |
| Druid of the Claw | 5 | |
47 total
» upgrades
| Ultravision | 1 | |
| Strength of the Wild | 3 | |
| Reinforced Hides | 3 | |
| Druid of the Claw Training | 2 | |
| Corrosive Breath | 2 | |
| Mark of the Claw | 1 | |
| Well Spring | 1 | |
13 total
» buildings
| Moon Well | 6 | |
| Ancient of War | 1 | |
| Altar of Elders | 1 | |
| Hunter's Hall | 1 | |
| Tree of Ages | 1 | |
| Tree of Life | 1 | |
| Tree of Eternity | 1 | |
| Ancient of Wind | 1 | |
| Chimaera Roost | 3 | |
| Ancient of Lore | 1 | |
| Ancient of Wonders | 1 | |
18 total
» build order
00:22 Moon Well
00:37 Ancient of War
00:49 Altar of Elders
01:15 Moon Well
02:16 Moon Well
03:03 Hunter's Hall
05:08 Tree of Ages
05:47 Tree of Life
05:53 Moon Well
07:05 Moon Well
07:49 Tree of Eternity
07:52 Ancient of Wind
10:18 Chimaera Roost
10:19 Chimaera Roost
10:21 Chimaera Roost
10:27 Ancient of Lore
10:58 Ancient of Wonders
11:05 Moon Well
» items
| Scroll of Town Portal | 2 | |
| Potion of Healing | 1 | |
| Anti-magic Potion | 1 | |
4 total

»
MOB_Snorlax (
green | 77 APM | 2198 actions | 28:36)
7 Keeper of the Grove
1 Force of Nature
3 Entangling Roots
2 Thorns Aura
1 Tranquility
» actions
| Basic commands | 110 | |
| Build / train | 122 | |
| ESC pressed | 5 | |
| Enter build submenu | 23 | |
| Enter hero's abilities submenu | 7 | |
| Give item / drop item | 4 | |
| Remove unit from queue | 1 | |
| Right click | 1133 | |
| Select / deselect | 691 | |
| Use ability | 102 | |
2198 total
» units
| Wisp | 27 | |
| Huntress | 14 | |
| Dryad | 21 | |
| Druid of the Talon | 16 | |
| Faerie Dragon | 5 | |
83 total
» upgrades
| Ultravision | 1 | |
| Strength of the Wild | 3 | |
| Reinforced Hides | 3 | |
| Abolish Magic | 1 | |
| Druid of the Talon Training | 2 | |
| Well Spring | 1 | |
11 total
» buildings
| Altar of Elders | 1 | |
| Moon Well | 8 | |
| Hunter's Hall | 1 | |
| Ancient of War | 2 | |
| Ancient of Wonders | 1 | |
| Tree of Ages | 1 | |
| Ancient of Lore | 2 | |
| Ancient of Wind | 2 | |
| Tree of Eternity | 1 | |
| Tree of Life | 3 | |
22 total
» build order
00:08 Altar of Elders
00:10 Moon Well
01:01 Hunter's Hall
01:32 Ancient of War
01:55 Moon Well
02:16 Ancient of Wonders
03:02 Ancient of War
03:08 Moon Well
05:24 Tree of Ages
06:19 Moon Well
07:56 Ancient of Lore
07:59 Ancient of Lore
08:05 Moon Well
10:14 Ancient of Wind
12:17 Moon Well
12:18 Moon Well
12:18 Moon Well
15:49 Tree of Eternity
17:08 Tree of Life
26:30 Ancient of Wind
28:33 Tree of Life
28:36 Tree of Life
» items
| Moonstone | 1 | |
| Lesser Clarity Potion | 2 | |
| Scroll of Town Portal | 5 | |
8 total
MyPeonsAreHigh (
yellow | 82 APM | 2344 actions | 28:38)
8 Archmage
3 Summon Water Elemental
3 Brilliance Aura
1 Mass Teleport
1 Blizzard
» actions
| Assign group hotkey | 73 | |
| Basic commands | 139 | |
| Build / train | 94 | |
| Enter build submenu | 41 | |
| Enter hero's abilities submenu | 8 | |
| Give item / drop item | 2 | |
| Remove unit from queue | 4 | |
| Right click | 794 | |
| Select / deselect | 515 | |
| Select group hotkey | 543 | |
| Use ability | 131 | |
2344 total
» units
| Peasant | 13 | |
| Rifleman | 24 | |
| Goblin Shredder | 1 | |
| Priest | 9 | |
| Goblin Zeppelin | 1 | |
48 total
» upgrades
| Gunpowder | 3 | |
| Armor | 3 | |
| Masonry | 3 | |
| Long Rifles | 1 | |
| Priest Training | 2 | |
| Magic Sentry | 1 | |
| Animal War Training | 1 | |
| Control Magic | 1 | |
| Sorceress Training | 1 | |
16 total
» buildings
| Altar of Kings | 1 | |
| Barracks | 3 | |
| Farm | 11 | |
| Blacksmith | 2 | |
| Scout Tower | 17 | |
| Arcane Tower | 1 | |
| Town Hall | 2 | |
| Lumber Mill | 1 | |
| Keep | 1 | |
| Arcane Vault | 1 | |
| Arcane Sanctum | 2 | |
| Guard Tower | 3 | |
| Castle | 1 | |
46 total
» build order
00:39 Altar of Kings
00:40 Barracks
00:50 Farm
01:06 Blacksmith
01:36 Farm
01:55 Scout Tower
02:12 Farm
02:52 Farm
03:22 Farm
03:31 Arcane Tower
04:10 Farm
04:59 Town Hall
05:52 Farm
06:54 Lumber Mill
07:37 Barracks
08:02 Keep
10:00 Arcane Vault
10:03 Scout Tower
10:04 Scout Tower
10:04 Scout Tower
10:04 Scout Tower
10:26 Arcane Sanctum
10:32 Arcane Sanctum
10:38 Guard Tower
10:53 Blacksmith
12:36 Farm
12:36 Farm
12:37 Farm
12:38 Farm
12:54 Castle
16:20 Scout Tower
16:20 Scout Tower
16:21 Scout Tower
16:21 Scout Tower
16:21 Scout Tower
16:23 Scout Tower
17:49 Guard Tower
19:25 Barracks
22:25 Town Hall
24:46 Scout Tower
24:47 Scout Tower
24:48 Scout Tower
24:50 Scout Tower
24:51 Scout Tower
24:53 Scout Tower
26:10 Guard Tower
» items
| Scroll of Regeneration | 2 | |
| Scroll of Town Portal | 2 | |
| Periapt of Vitality | 1 | |
| Potion of Lesser Invulnerability | 1 | |
| Scroll of Protection | 2 | |
| Mechanical Critter | 2 | |
| Staff of Sanctuary | 1 | |
11 total

»
dopeskies (
blue | 93 APM | 2663 actions | 28:36)
5 Archmage
3 Summon Water Elemental
2 Brilliance Aura
4 Mountain King
2 Storm Bolt
2 Bash
» actions
| Assign group hotkey | 70 | |
| Basic commands | 143 | |
| Build / train | 129 | |
| ESC pressed | 3 | |
| Enter build submenu | 29 | |
| Enter hero's abilities submenu | 9 | |
| Give item / drop item | 4 | |
| Remove unit from queue | 4 | |
| Right click | 1140 | |
| Select / deselect | 349 | |
| Select group hotkey | 555 | |
| Use ability | 227 | |
2663 total
» units
| Peasant | 17 | |
| Rifleman | 16 | |
| Sorceress | 1 | |
| Priest | 4 | |
| Spell Breaker | 6 | |
| Goblin Zeppelin | 1 | |
| Goblin Shredder | 1 | |
| Mortar Team | 9 | |
55 total
» upgrades
| Gunpowder | 3 | |
| Lumber Harvesting | 2 | |
| Long Rifles | 1 | |
| Sorceress Training | 1 | |
| Armor | 3 | |
| Priest Training | 1 | |
| Magic Sentry | 1 | |
| Plating | 3 | |
| Swords | 1 | |
| Fragmentation Shards | 1 | |
| Flare | 1 | |
18 total
» buildings
| Lumber Mill | 1 | |
| Altar of Kings | 1 | |
| Farm | 12 | |
| Blacksmith | 1 | |
| Barracks | 1 | |
| Arcane Vault | 2 | |
| Keep | 1 | |
| Scout Tower | 5 | |
| Town Hall | 2 | |
| Arcane Sanctum | 1 | |
| Arcane Tower | 1 | |
| Guard Tower | 2 | |
| Castle | 2 | |
| Workshop | 3 | |
35 total
» build order
00:23 Lumber Mill
00:54 Altar of Kings
01:06 Farm
01:26 Blacksmith
01:39 Barracks
01:54 Farm
02:24 Farm
02:47 Farm
03:42 Farm
03:51 Arcane Vault
04:57 Farm
05:06 Keep
05:08 Farm
05:49 Scout Tower
07:02 Town Hall
07:08 Scout Tower
07:09 Scout Tower
08:09 Arcane Sanctum
10:11 Arcane Tower
10:19 Guard Tower
10:23 Arcane Vault
10:26 Farm
10:32 Scout Tower
10:33 Scout Tower
12:04 Castle
13:27 Guard Tower
13:53 Farm
13:54 Farm
16:07 Farm
16:07 Farm
16:14 Town Hall
24:05 Workshop
24:07 Workshop
24:11 Workshop
» items
| Scroll of Regeneration | 4 | |
| Lesser Clarity Potion | 3 | |
| Scroll of Town Portal | 3 | |
| Ivory Tower | 4 | |
| Potion of Healing | 3 | |
| Staff of Sanctuary | 2 | |
| Orb of Fire | 1 | |
20 total
Chat log
(00:13 / Allies) MOB_Snorlax: 40 food rush
(00:13 / Allies) dopeskies: hi rifle caster
(00:23 / Allies) ProjectPat11: k
(00:32 / Allies) ProjectPat11: down for rush
(00:37 / Allies) MOB_Snorlax: 40 food then go
(00:41 / Allies) MOB_Snorlax: meet
(00:44 / Allies) MyPeonsAreHigh: k
(04:44 / Allies) MOB_Snorlax: my b
(05:13 / Allies) ProjectPat11: rdy
(05:17 / Allies) MOB_Snorlax: meet
(05:24 / Allies) dopeskies: kk
(06:26 / Allies) ProjectPat11: b
(06:27 / Allies) ProjectPat11: bbb
(06:27 / Allies) ProjectPat11: b
(06:27 / Allies) ProjectPat11: bb
(06:28 / Allies) ProjectPat11: bb
(07:59 / Allies) dopeskies: wood?
(09:13 / Allies) ProjectPat11: b
(09:13 / Allies) ProjectPat11: b
(09:13 / Allies) ProjectPat11: b
(09:40 / Allies) MyPeonsAreHigh: oput
(09:41 / Allies) MyPeonsAreHigh: blue
(09:46 / Allies) MyPeonsAreHigh: out blue
(09:47 / Allies) MyPeonsAreHigh: tp
(10:01 / Allies) dopeskies: wood?
(10:07 / Allies) MOB_Snorlax: gold
(10:11 / Allies) dopeskies: ty
(10:43 / Allies) MyPeonsAreHigh: have not much right now
(11:16 / Allies) MyPeonsAreHigh: watch out blue tael coming
(11:41 / Allies) MOB_Snorlax: go
(12:07 / Allies) MyPeonsAreHigh: hit their expos
(13:40 / Allies) MyPeonsAreHigh: who want gold
(13:48 / Allies) dopeskies: sure
(14:43 / Allies) MyPeonsAreHigh: back
(14:44 / Allies) MyPeonsAreHigh: out of twoer
(15:16 / Allies) MOB_Snorlax: b
(15:22 / Allies) MyPeonsAreHigh: I'm out
(15:23 / Allies) MyPeonsAreHigh: out
(15:23 / Allies) MyPeonsAreHigh: out
(15:24 / Allies) MyPeonsAreHigh: out
(15:26 / Allies) MOB_Snorlax: b
(15:42 / Allies) MOB_Snorlax: so many fiends
(17:03 / Allies) MyPeonsAreHigh: let's hit top
(17:10 / Allies) MyPeonsAreHigh: or tp here?
(17:12 / Allies) MOB_Snorlax: ok
(17:25 / Allies) MOB_Snorlax: we hit expo
(17:27 / Allies) MyPeonsAreHigh: hit top
(17:28 / Allies) MOB_Snorlax: we'll tp to help
(17:41 / Allies) MyPeonsAreHigh: or defend bottom?
(17:50 / Allies) MOB_Snorlax: ok
(17:57 / Allies) MyPeonsAreHigh: defend bottom then hit again
(19:10 / Allies) MyPeonsAreHigh: try to take out red expo
(19:44 / All) MyPeonsAreHigh: how you like me now teal
(19:57 / All) TRUMPYEA: faggot
(19:59 / Allies) MyPeonsAreHigh: lol
(20:02 / All) TRUMPYEA: just a dumb nigger
(21:06 / Allies) ProjectPat11: stay together
(21:47 / All) MyPeonsAreHigh: bad tp lol
(22:11 / Allies) MyPeonsAreHigh: still not level 6 god
(22:46 / All) MyPeonsAreHigh: DEUS VULT
(23:13 / All) MyPeonsAreHigh: teal got owend
(23:46 / Allies) MyPeonsAreHigh: use my dispel
(23:50 / Allies) MyPeonsAreHigh: if I dorp
(24:05 / Allies) MyPeonsAreHigh: tp out
(24:09 / Allies) MOB_Snorlax: we good
(24:13 / Allies) MOB_Snorlax: ok
(24:14 / Allies) dopeskies: wood?
(24:17 / All) TRUMPYEA: wrecked
(24:21 / All) MyPeonsAreHigh: lol
(24:25 / All) MyPeonsAreHigh: I took your expo
(24:27 / Allies) dopeskies: wood
(24:27 / All) MyPeonsAreHigh: do something about it
(24:27 / Allies) dopeskies: plz
(24:36 / Allies) dopeskies: ty
(24:56 / Allies) ProjectPat11: gotta kill dl and then i can starfall
(25:18 / Allies) MOB_Snorlax: get goblin
(25:36 / Allies) ProjectPat11: let it die
(25:48 / Allies) dopeskies: getting morts
(25:50 / Allies) dopeskies: need wood
(26:24 / Allies) MOB_Snorlax: focus the necros if can
(26:59 / Allies) MOB_Snorlax: tp to yellow?
(27:04 / Allies) ProjectPat11: ya
(27:06 / Allies) MyPeonsAreHigh: yes
(27:06 / Allies) dopeskies: i got no hero
(28:18 / All) MyPeonsAreHigh: lol
(28:19 / All) MyPeonsAreHigh: teal
(28:21 / All) MyPeonsAreHigh: god you suck bro
(28:32 / All) TRUMPYEA: why are you such a nigger